 Dungeon Crawl Stone Soup version 0.22-a0-392-g5dc3fd9 (webtiles) character file.

85 nikopol the Magician (level 4, -1/24 HPs)
             Began as a Deep Elf Fire Elementalist on May 2, 2018.
             Killed from afar by a white imp (2 damage)
             ... with a puff of frost
             ... summoned by Natasha
             ... on level 2 of the Dungeon.
             The game lasted 00:04:39 (1820 turns).

nikopol the Magician (Deep Elf Fire Elementalist)   Turns: 1820, Time: 00:04:40

Health: -1/24      AC:  3    Str:  5    XL:     4   Next: 25%
Magic:  12/12      EV: 13    Int: 21    God:
Gold:   111        SH:  0    Dex: 15    Spells: 10/11 levels left

rFire    . . .     SeeInvis .   l - +0 dagger
rCold    . . .     Gourm    .   (no shield)
rNeg     . . .     Faith    .   a - +0 robe
rPois    .         Spirit   .   h - +0 helmet
rElec    .         Reflect  .   (no cloak)
rCorr    .         Harm     .   (no gloves)
MR       .....                  (no boots)
Stlth    ++........             (no amulet)
HPRegen  0.08/turn              (no ring)
MPRegen  0.13/turn              (no ring)

@: no status effects
A: no striking features
a: no special abilities


You were on level 2 of the Dungeon.
You were hungry.

You visited 1 branch of the dungeon, and saw 2 of its levels.

You collected 111 gold pieces.

Inventory:

Hand Weapons
 l - a +0 dagger (weapon)
Armour
 a - a +0 robe (worn)
 h - a +0 helmet (worn)
Scrolls
 b - a scroll of fear {unknown}
 d - a scroll of random uselessness {unknown}
 e - 4 scrolls of identify {unknown}
 m - a scroll of remove curse {unknown}
Potions
 f - a potion of curing {unknown}
 g - a potion of lignification {unknown}
 i - a potion of mutation {unknown}
 j - a potion of flight {unknown}
 n - a potion of heal wounds {unknown}
Comestibles
 c - 6 rations


   Skills:
 + Level 3.1 Dodging
 + Level 3.0 Stealth
 + Level 4.1 Spellcasting
 + Level 2.2 Conjurations
 + Level 3.9 Fire Magic


You had 10 spell levels left.
You knew the following spells:

 Your Spells              Type           Power        Failure   Level  Hunger
a - Flame Tongue          Conj/Fire      ###..        3%          1    None


Dungeon Overview and Level Annotations

Branches:
Dungeon (2/15)

Altars:
Gozag

Annotations:
D:2 Natasha, Terence


Message History

Natasha stares at you and mumbles some strange words.
The magic dart hits you!
Natasha howls an incantation.
Natasha glows brightly for a moment.
Natasha casts a spell.
There is an open door here.
Natasha mumbles some strange words.
The white imp gestures at you. The puff of frost hits you!
* * * LOW HITPOINT WARNING * * *
The white imp gestures at you. The puff of frost hits you!
* * * LOW HITPOINT WARNING * * *
Natasha casts a spell.
The white imp grinds its teeth.
Natasha mumbles some strange words.
Natasha shimmers violently.
The white imp gestures at you. The puff of frost hits you!
You die...

#.# #.###.##
####.####
#.#######.###5# #.#
#.....†.....#.# #.#
#########)#.#h##
#.# #)#..5.## #.#
#.#.....# #.#
#......## #.#
#####.###########.#
#@............#
#.############# #.#
#.# #.# #.# #.#
#####
#.#############
##...#####
#.#...........#


You could see Natasha, a crimson imp and a white imp.

Vanquished Creatures
  Natasha (twice) (D:2)
  A worm (D:2)
  3 dart slugs
  A leopard gecko (D:1)
  5 bats
  2 giant cockroaches
  2 goblins (D:2)
  3 hobgoblins
  4 kobolds (D:2)
  3 frilled lizards
  A rat (D:2)
27 creatures vanquished.

Notes
Turn   | Place    | Note
-------+----------+-------------------------------------------
     0 | D:1      | nikopol the Deep Elf Fire Elementalist began the quest for the Orb.
     0 | D:1      | Reached XP level 1. HP: 10/10 MP: 6/6
   436 | D:1      | Reached XP level 2. HP: 12/15 MP: 5/8
  1146 | D:2      | Noticed Natasha
  1150 | D:2      | Noticed a crimson imp
  1152 | D:2      | Killed Natasha
  1152 | D:2      | Reached XP level 3. HP: 19/19 MP: 5/10
  1197 | D:2      | Noticed Natasha
  1241 | D:2      | Killed Natasha
  1241 | D:2      | Reached skill level 4 in Spellcasting
  1241 | D:2      | Reached XP level 4. HP: 6/24 MP: 2/12
  1760 | D:2      | Found an opulent altar of Gozag.
  1766 | D:2      | Noticed Terence
  1778 | D:2      | Noticed Natasha
  1813 | D:2      | HP: 1/24 [white imp/puff of frost[Natasha] (3)]
  1820 | D:2      | Killed from afar by a white imp

Vault maps used:
D:1:      zaba_arrival_water, feat_on_display
D:2:      lemuel_coloured_pillars_altar, grunt_gozag_breadcrumbs, uniq_terence,
          uniq_natasha

Skill      XL: |  1  2  3 |
---------------+----------+-----
Dodging        | 3 |  3.1
Stealth        | 3 |  3.0
Spellcasting   | 4 |  4.1
Conjurations   | 2 |  2.2
Fire Magic     | |  3.9

Action                   |  1- 3 |  4- 6 || total
-------------------------+-------+-------++-------
Melee: Unarmed           |     1 |       ||     1
       Dagger            |       |     1 ||     1
 Cast: Flame Tongue      |    43 |    14 ||    57
  Eat: Chunk             |     1 |     1 ||     2
Armor: Robe              |    16 |     1 ||    17
Dodge: Dodged            |    49 |     4 ||    53

Table legend:
 A = Spawn XP
 B = Non-spawn XP
 C = Spawn XP percentage of total XP
 D = Spawn monster count
 E = Non-spawn monster count
 F = Spawn count percentage of total count
 G = Total turns spent on level
                    A         B        C        D         E        F      G
               +---------+---------+-------+---------+---------+-------+---------
         Total |       0 |     122 |   0.0 |       0 |      27 |   0.0 |  1820
               +---------+---------+-------+---------+---------+-------+---------
           D:1 |       0 |      19 |   0.0 |       0 |       9 |   0.0 |   892
           D:2 |       0 |     103 |   0.0 |       0 |      18 |   0.0 |   928
               +---------+---------+-------+---------+---------+-------+---------
